 Dungeon Crawl Stone Soup version 0.17-a0-1399-gd5b76e1 (webtiles) character file.

1 esc the Slasher (level 1, -1/18 HPs)
             Began as a Human Berserker on June 18, 2015.
             Was a Follower of Trog.
             Slain by a hobgoblin
             ... wielding a +0 club
              (3 damage)
             ... on level 1 of the Dungeon.
             The game lasted 00:01:39 (112 turns).

esc the Slasher (Human Berserker)                    Turns: 112, Time: 00:01:39

Health: -1/18      AC:  2    Str: 17    XL:     1   Next: 22%
Magic:  1/1        EV: 12    Int:  7    God:    Trog [*.....]
Gold:   6          SH:  0    Dex: 12    Spells: 0 memorised, 0 levels left

rFire  . . .     SeeInvis .     a - +0 falchion
rCold  . . .     Clarity  .     b - +0 animal skin
rNeg   . . .     SustAt   .     (no shield)
rPois  .         Gourm    .     (no helmet)
rElec  .         Spirit   .     (no cloak)
rCorr  .         Warding  .     (no gloves)
rMut   .         Stasis   .     (no boots)
MR     .....                    (no amulet)
Stlth  +.........               (no ring)
                                (no ring)

@: not resistant to hostile enchantments, very unstealthy
A: no striking features
a: Burn Spellbooks, Berserk, Renounce Religion


You were on level 1 of the Dungeon.
You worshipped Trog.
Trog was aware of your devotion.
You were not hungry.

You visited 1 branch of the dungeon, and saw 1 of its levels.

You collected 6 gold pieces.

Inventory:

Hand weapons
 a - a +0 falchion (weapon)
 e - a -2 dagger
   (You found it on level 1 of the Dungeon)
Armour
 b - a +0 animal skin (worn)
Comestibles
 c - a bread ration {@e1}
 f - a meat ration {@e2}


   Skills:
 + Level 3.0 Fighting
 + Level 3.0 Long Blades
 + Level 2.0 Armour
 + Level 2.0 Dodging


You couldn't memorise any spells.
You didn't know any spells.

Dungeon Overview and Level Annotations

Branches:
Dungeon (1/15)

Altars:


Message History

Welcome, esc the Human Berserker.
Will you be the one to retrieve the fabulous Orb of Zot from the depths?
Trog says: Kill them all!
Found a scroll labeled MUMYDGHUISKU.
Found a staircase leading out of the dungeon.
A kobold comes into view. It is wielding a club.
The kobold shouts!
Found a meat ration.
Found an escape hatch in the floor.
The kobold hits you with a club.
You take 5 damage, and have 13/18 hp.
MASSIVE DAMAGE!!
You barely miss the kobold. The kobold hits you with a club.
You take 1 damage, and have 12/18 hp.
You hit the kobold. The kobold hits you but does no damage.
You hit the kobold.
You kill the kobold!
Trog accepts your kill.
No target in view!
No target in view!
d - a scroll labeled MUMYDGHUISKU
Things that are here:
a club; a kobold corpse You butcher the kobold corpse.
Things that are here:
a club; an inedible chunk of flesh {@w0}; a kobold skeleton
Found a stone staircase leading down.
f - a meat ration {@e2}
e - a glowing dagger Wield which item (- for none, * to show all)? (? for menu, Esc to quit)
It sticks to your hand!
e - a cursed -2 dagger (weapon)
Read which item? (? for menu, Esc to quit)
As you read the scroll labeled MUMYDGHUISKU, it crumbles to dust.
You hear a loud clanging noise!
It was a scroll of noise.
You hear a shout! x2
You now have 6 gold pieces.
You open the door.
There is an open door here.
You open the door.
There is an open door here.
d - a scroll labeled ANEYH OGUSIPH You regained 4 hp, and now have 17/18 hp.
You open the door. As you open the door, it creaks loudly!
You hear a shout!
You hear a shout!
A hobgoblin comes into view.
Read which item? (? for menu, Esc to quit)
As you read the scroll labeled ANEYH OGUSIPH, it crumbles to dust.
You feel as if something is helping you.
It was a scroll of remove curse.
A hobgoblin comes into view. It is wielding a club.
Wield which item (- for none, * to show all)? (? for menu, Esc to quit)
a - a +0 falchion (weapon)
There is an open door here.
You hit the hobgoblin. The hobgoblin misses you.
You barely miss the hobgoblin. The hobgoblin hits you with a club.
The hobgoblin barely misses you.
You take 1 damage, and have 16/18 hp.
You hit the hobgoblin but do no damage. The hobgoblin misses you.
The hobgoblin hits you with a club.
You take 2 damage, and have 14/18 hp.
You hit the hobgoblin. The hobgoblin hits you. The hobgoblin barely misses you.
The hobgoblin hits you.
You take 3 damage, and have 11/18 hp.
You hit the hobgoblin but do no damage. The hobgoblin closely misses you.
The hobgoblin hits you.
You take 2 damage, and have 9/18 hp.
You barely miss the hobgoblin. The hobgoblin hits you with a club.
The hobgoblin hits you.
* * * LOW HITPOINT WARNING * * *
You are too injured to fight recklessly!
You are too injured to fight recklessly!
You are too injured to fight recklessly!
You take 4 damage, and have 5/18 hp.
MASSIVE DAMAGE!!
There is an open door here.
You are too injured to fight recklessly!
You are too injured to fight recklessly!
You are too injured to fight recklessly!
You are too injured to fight recklessly!
You are too injured to fight recklessly!
You are too injured to fight recklessly!
You are too injured to fight recklessly!
You are too injured to fight recklessly!
You are too injured to fight recklessly!
You are too injured to fight recklessly!
You are too injured to fight recklessly!
You are too injured to fight recklessly!
You closely miss the hobgoblin. The hobgoblin barely misses you.
The hobgoblin barely misses you.
You barely miss the hobgoblin. The hobgoblin hits you with a club.
* * * LOW HITPOINT WARNING * * *
The hobgoblin barely misses you.
You take 3 damage, and have 2/18 hp.
You hit the hobgoblin but do no damage. The hobgoblin hits you with a club.
You die...

........... ..........
......... #......######
#...........#
##........?..#
+............#
#....gg.....#
#+####@######
............####
..........).'..#
............####
............#
#######+##'##
###....#######
..............#
.........................#


You could see 2 hobgoblins.

Vanquished Creatures
  A kobold (D:1)
1 creature vanquished.

Notes
Turn   | Place    | Note
--------------------------------------------------------------
     0 | D:1      | esc the Human Berserker began the quest for the Orb.
     0 | D:1      | Reached XP level 1. HP: 18/18 MP: 1/1
   111 | D:1      | HP: 2/18 [hobgoblin/club (3)]
   112 | D:1      | Slain by a hobgoblin

Vault maps used:
D:1:      mrwooster_arrival_statue_2

Action                   || total
-------------------------++-------
Melee: Falchion          ||    12
  Use: Scroll            ||     2

Vault maps used:
D:1:      mrwooster_arrival_statue_2

Table legend:
 A = Turns spent in this place as a percentage of turns spent in the entire game.
 B = Non-inter-level travel turns spent in this place as a percentage of non-inter-level travel turns spent in the entire game.
 C = Inter-level travel turns spent in this place as a percentage of turns spent in this place.
 D = Turns resting spent in this place as a percentage of non-inter-level travel turns spent in this place.
 E = Turns spent auto-exploring this place as a percentage of non-inter-level travel turns spent in this place.
 F = Non-inter-level travel turns spent in this place divided by the number of levels of this place that you've seen.
                   A       B       C       D       E      F
               +-------+-------+-------+-------+-------+----------------------
         Total | 100.0 | 100.0 |   0.0 |   0.0 |  10.2 |  49.0
       Dungeon | 100.0 | 100.0 |   0.0 |   0.0 |  10.2 |  49.0
               +-------+-------+-------+-------+-------+----------------------

Table legend:
 A = Kills in this place as a percentage of kills in entire the game.
 B = Kills by you in this place as a percentage of kills by you in the entire game.
 C = Kills by friends in this place as a percentage of kills by friends in the entire game.
 D = Other kills in this place as a percentage of other kills in the entire game.
 E = Experience gained in this place as a percentage of experience gained in the entire game.
 F = Experience gained in this place divided by the number of levels of this place that you have seen.
                   A       B       C       D       E      F
               +-------+-------+-------+-------+-------+----------------------
         Total | 100.0 | 100.0 |  -nan |  -nan | 100.0 |   2.0
       Dungeon | 100.0 | 100.0 |  -nan |  -nan | 100.0 |   2.0
               +-------+-------+-------+-------+-------+----------------------
